General information
- name: BNet
- type: Ladder team game (AT/RT)
- host: Battle.net
- saver: Teelo
map: MarketSquare
- players: 8
- length: 25:20
- speed: Fast
- version: 1.26 W3XP
- replay type: Public
» download(145 KB)
Players
team 1 (loser)

»
Teelo (
pink | 63 APM | 1587 actions | 25:20)
8 Paladin
3 Holy Light
3 Devotion Aura
1 Divine Shield
1 Resurrection
3 Mountain King
1 Bash
1 Storm Bolt
1 Avatar
» actions
| Assign group hotkey | 180 | |
| Basic commands | 116 | |
| Build / train | 103 | |
| ESC pressed | 3 | |
| Enter build submenu | 39 | |
| Enter hero's abilities submenu | 11 | |
| Remove unit from queue | 2 | |
| Right click | 418 | |
| Select / deselect | 206 | |
| Select group hotkey | 364 | |
| Use ability | 145 | |
1587 total
» units
| Peasant | 16 | |
| Footman | 7 | |
| Gryphon Rider | 13 | |
| Rifleman | 8 | |
| Dragonhawk Rider | 5 | |
49 total
» upgrades
| Defend | 1 | |
| Masonry | 3 | |
| Lumber Harvesting | 2 | |
| Magic Sentry | 1 | |
| Swords | 3 | |
| Storm Hammers | 1 | |
| Gunpowder | 1 | |
| Plating | 1 | |
| Armor | 1 | |
| Animal War Training | 1 | |
15 total
» buildings
| Altar of Kings | 1 | |
| Farm | 11 | |
| Barracks | 2 | |
| Scout Tower | 4 | |
| Lumber Mill | 5 | |
| Arcane Tower | 2 | |
| Arcane Vault | 1 | |
| Keep | 1 | |
| Town Hall | 2 | |
| Guard Tower | 4 | |
| Blacksmith | 1 | |
| Arcane Sanctum | 1 | |
| Castle | 1 | |
| Gryphon Aviary | 4 | |
40 total
» build order
00:48 Altar of Kings
01:19 Farm
01:31 Barracks
01:39 Farm
02:11 Scout Tower
02:14 Scout Tower
02:43 Lumber Mill
02:44 Arcane Tower
03:02 Farm
03:08 Arcane Vault
03:21 Arcane Tower
03:28 Farm
04:54 Keep
05:56 Scout Tower
05:57 Scout Tower
05:59 Town Hall
06:17 Lumber Mill
06:24 Lumber Mill
06:31 Guard Tower
06:43 Lumber Mill
06:55 Town Hall
07:05 Lumber Mill
07:20 Blacksmith
07:25 Guard Tower
08:14 Arcane Sanctum
08:47 Castle
09:10 Gryphon Aviary
10:00 Guard Tower
10:20 Guard Tower
11:37 Gryphon Aviary
11:38 Gryphon Aviary
11:40 Gryphon Aviary
14:13 Farm
14:13 Farm
14:13 Farm
14:34 Barracks
15:32 Farm
15:34 Farm
17:28 Farm
17:28 Farm
» items
| Scroll of Regeneration | 4 | |
| Lesser Clarity Potion | 5 | |
| Ivory Tower | 2 | |
| Orb of Fire | 1 | |
| Staff of Sanctuary | 1 | |
| Scroll of Town Portal | 2 | |
| Scroll of Healing | 2 | |
17 total
darmok (
blue | 55 APM | 1159 actions | 21:10)
5 Tauren Chieftain
1 War Stomp
3 Endurance Aura
1 Shockwave
4 Shadow Hunter
2 Healing Wave
2 Hex
» actions
| Assign group hotkey | 28 | |
| Basic commands | 16 | |
| Build / train | 81 | |
| Enter build submenu | 18 | |
| Enter hero's abilities submenu | 10 | |
| Give item / drop item | 5 | |
| Remove unit from queue | 1 | |
| Right click | 298 | |
| Select / deselect | 240 | |
| Select group hotkey | 391 | |
| Use ability | 71 | |
1159 total
» units
| Peon | 16 | |
| Grunt | 9 | |
| Wind Rider | 2 | |
| Troll Batrider | 16 | |
| Knight | 4 | |
47 total
» upgrades
| Armor | 2 | |
| Ranged Weapons | 2 | |
| Berserker Strength | 1 | |
| Pillage | 1 | |
| Reinforced Defenses | 1 | |
| War Drums Damage Increase | 1 | |
| Liquid Fire | 1 | |
| Animal War Training | 1 | |
10 total
» buildings
| Orc Burrow | 8 | |
| Altar of Storms | 1 | |
| Barracks | 1 | |
| Voodoo Lounge | 1 | |
| Great Hall | 1 | |
| Stronghold | 1 | |
| War Mill | 1 | |
| Beastiary | 3 | |
| Fortress | 1 | |
18 total
» build order
00:11 Orc Burrow
00:15 Altar of Storms
00:32 Barracks
01:58 Orc Burrow
02:12 Orc Burrow
02:29 Voodoo Lounge
04:47 Great Hall
05:27 Stronghold
05:56 Orc Burrow
05:59 War Mill
08:53 Beastiary
08:54 Beastiary
08:59 Beastiary
10:22 Orc Burrow
10:51 Orc Burrow
12:00 Fortress
13:16 Orc Burrow
13:19 Orc Burrow
» items
| Scroll of Protection | 3 | |
| Periapt of Vitality | 1 | |
| Lesser Clarity Potion | 4 | |
| Scroll of Town Portal | 2 | |
10 total

»
mMLlXX (
orange | 61 APM | 1543 actions | 25:20)
6 Archmage
3 Summon Water Elemental
2 Brilliance Aura
1 Mass Teleport
3 Paladin
1 Holy Light
1 Devotion Aura
1 Divine Shield
» actions
| Assign group hotkey | 6 | |
| Basic commands | 150 | |
| Build / train | 105 | |
| ESC pressed | 15 | |
| Enter build submenu | 45 | |
| Enter hero's abilities submenu | 10 | |
| Give item / drop item | 1 | |
| Right click | 694 | |
| Select / deselect | 388 | |
| Select group hotkey | 29 | |
| Use ability | 100 | |
1543 total
» units
| Peasant | 20 | |
| Footman | 2 | |
| Rifleman | 9 | |
| Priest | 2 | |
| Mortar Team | 9 | |
| Siege Engine | 15 | |
57 total
» upgrades
| Masonry | 2 | |
| Armor | 2 | |
| Gunpowder | 3 | |
| Lumber Harvesting | 2 | |
| Magic Sentry | 1 | |
| Priest Training | 1 | |
| Barrage | 1 | |
| Fragmentation Shards | 1 | |
13 total
» buildings
| Farm | 11 | |
| Barracks | 1 | |
| Altar of Kings | 1 | |
| Lumber Mill | 1 | |
| Blacksmith | 2 | |
| Scout Tower | 11 | |
| Arcane Tower | 2 | |
| Town Hall | 2 | |
| Arcane Vault | 1 | |
| Guard Tower | 11 | |
| Keep | 1 | |
| Arcane Sanctum | 1 | |
| Workshop | 3 | |
| Castle | 1 | |
49 total
» build order
00:32 Farm
00:56 Barracks
01:10 Altar of Kings
01:20 Farm
01:31 Lumber Mill
01:57 Blacksmith
02:22 Scout Tower
02:52 Arcane Tower
03:10 Farm
04:15 Town Hall
04:42 Scout Tower
05:26 Arcane Vault
05:41 Farm
05:43 Guard Tower
05:46 Keep
05:55 Scout Tower
06:28 Farm
06:35 Arcane Tower
06:52 Farm
07:31 Scout Tower
07:46 Scout Tower
07:58 Scout Tower
08:00 Guard Tower
08:18 Arcane Sanctum
09:15 Workshop
09:40 Guard Tower
09:43 Scout Tower
11:19 Castle
11:25 Farm
11:29 Guard Tower
11:59 Farm
12:24 Farm
14:08 Workshop
14:13 Blacksmith
14:27 Workshop
17:12 Guard Tower
18:21 Scout Tower
18:29 Scout Tower
18:34 Scout Tower
19:18 Farm
19:22 Farm
19:24 Guard Tower
19:24 Guard Tower
19:24 Guard Tower
20:19 Town Hall
20:39 Scout Tower
21:21 Guard Tower
» items
| Scroll of Regeneration | 5 | |
| Scroll of Town Portal | 3 | |
| Orb of Fire | 1 | |
9 total
0rcback (
yellow | 31 APM | 421 actions | 13:39)
3 Mountain King
2 Storm Bolt
1 Bash
» actions
| Assign group hotkey | 6 | |
| Build / train | 49 | |
| Enter build submenu | 26 | |
| Enter hero's abilities submenu | 3 | |
| Right click | 106 | |
| Select / deselect | 145 | |
| Select group hotkey | 44 | |
| Use ability | 42 | |
421 total
» units
| Peasant | 19 | |
| Footman | 8 | |
| Rifleman | 2 | |
29 total
» upgrades
| Defend | 1 | |
| Swords | 1 | |
| Masonry | 2 | |
| Gunpowder | 2 | |
| Lumber Harvesting | 1 | |
| Armor | 1 | |
| Long Rifles | 1 | |
9 total
» buildings
| Lumber Mill | 1 | |
| Altar of Kings | 1 | |
| Farm | 14 | |
| Scout Tower | 3 | |
| Barracks | 3 | |
| Guard Tower | 3 | |
| Blacksmith | 1 | |
| Keep | 1 | |
| Castle | 1 | |
| Town Hall | 1 | |
29 total
» build order
00:32 Lumber Mill
01:37 Altar of Kings
01:54 Farm
02:00 Farm
02:10 Scout Tower
02:40 Barracks
02:47 Scout Tower
02:53 Guard Tower
03:16 Guard Tower
03:27 Farm
03:35 Farm
04:05 Farm
04:22 Barracks
04:39 Barracks
04:49 Farm
04:56 Farm
05:42 Farm
06:16 Blacksmith
06:58 Keep
07:03 Farm
07:06 Farm
07:48 Scout Tower
08:25 Guard Tower
09:10 Farm
09:14 Farm
09:21 Castle
09:54 Farm
09:56 Farm
10:14 Town Hall
» items
| Scroll of Regeneration | 1 | |
| Lesser Clarity Potion | 1 | |
2 total
team 2 (winner)
Lazyass2 (
green | 49 APM | 1251 actions | 25:20)
8 Tauren Chieftain
3 Endurance Aura
3 Shockwave
1 Reincarnation
1 War Stomp
8 Shadow Hunter
3 Hex
3 Healing Wave
1 Big Bad Voodoo
1 Serpent Ward
4 Crypt Lord
2 Spiked Carapace
1 Locust Swarm
1 Carrion Beetles
» actions
| Basic commands | 48 | |
| Build / train | 113 | |
| Enter build submenu | 26 | |
| Enter hero's abilities submenu | 20 | |
| Give item / drop item | 4 | |
| Right click | 612 | |
| Select / deselect | 361 | |
| Use ability | 67 | |
1251 total
» units
| Peon | 16 | |
| Grunt | 9 | |
| Ghoul | 1 | |
| Shaman | 5 | |
| Acolyte | 6 | |
| Tauren | 7 | |
| Frost Wyrm | 11 | |
55 total
» upgrades
| Armor | 3 | |
| Melee Weapons | 3 | |
| Shaman Training | 2 | |
| Creature Attack | 2 | |
| Creature Carapace | 2 | |
| Reinforced Defenses | 1 | |
| Pulverize | 1 | |
| Freezing Breath | 1 | |
15 total
» buildings
| War Mill | 2 | |
| Altar of Storms | 1 | |
| Orc Burrow | 7 | |
| Barracks | 1 | |
| Voodoo Lounge | 1 | |
| Stronghold | 2 | |
| Great Hall | 1 | |
| Spirit Lodge | 1 | |
| Fortress | 1 | |
| Sacrificial Pit | 1 | |
| Graveyard | 1 | |
| Tauren Totem | 2 | |
| Tomb of Relics | 1 | |
| Boneyard | 2 | |
| Ziggurat | 5 | |
29 total
» build order
00:08 War Mill
00:20 Altar of Storms
00:39 Orc Burrow
01:10 Barracks
01:42 Orc Burrow
01:59 Voodoo Lounge
02:56 Orc Burrow
04:50 Stronghold
04:50 Stronghold
05:51 Great Hall
06:11 War Mill
06:18 Orc Burrow
07:15 Spirit Lodge
07:55 Fortress
08:56 Sacrificial Pit
09:15 Graveyard
10:24 Tauren Totem
10:26 Tauren Totem
10:34 Tomb of Relics
11:05 Boneyard
11:07 Boneyard
12:26 Ziggurat
12:28 Ziggurat
12:31 Ziggurat
13:30 Orc Burrow
13:34 Orc Burrow
13:36 Orc Burrow
14:30 Ziggurat
14:33 Ziggurat
» items
| Healing Salve | 4 | |
| Orb of Corruption | 6 | |
| Circlet of Nobility | 2 | |
| Potion of Lesser Invulnerability | 1 | |
| Scroll of Town Portal | 3 | |
16 total
ThralI (
purple | 28 APM | 703 actions | 25:20)
3 Archmage
2 Blizzard
1 Summon Water Elemental
1 Crypt Lord
1 Carrion Beetles
» actions
| Basic commands | 4 | |
| Build / train | 56 | |
| Enter build submenu | 21 | |
| Enter hero's abilities submenu | 4 | |
| Remove unit from queue | 5 | |
| Right click | 321 | |
| Select / deselect | 211 | |
| Use ability | 81 | |
703 total
» units
| Peasant | 13 | |
| Mortar Team | 5 | |
| Priest | 6 | |
| Siege Engine | 4 | |
28 total
» upgrades
| Masonry | 1 | |
| Flare | 1 | |
| Fragmentation Shards | 1 | |
| Gunpowder | 3 | |
| Barrage | 1 | |
7 total
» buildings
| Scout Tower | 12 | |
| Altar of Kings | 1 | |
| Lumber Mill | 1 | |
| Farm | 19 | |
| Guard Tower | 7 | |
| Keep | 1 | |
| Blacksmith | 1 | |
| Castle | 1 | |
| Workshop | 2 | |
| Arcane Vault | 1 | |
| Arcane Sanctum | 1 | |
47 total
» build order
00:21 Scout Tower
00:29 Altar of Kings
00:54 Lumber Mill
01:47 Farm
01:56 Farm
01:58 Scout Tower
01:59 Scout Tower
02:00 Scout Tower
02:03 Guard Tower
02:15 Farm
02:16 Farm
02:18 Farm
02:29 Guard Tower
02:55 Guard Tower
03:03 Guard Tower
03:44 Farm
03:54 Scout Tower
03:57 Scout Tower
04:00 Scout Tower
04:10 Keep
05:40 Guard Tower
05:44 Blacksmith
06:57 Castle
07:04 Workshop
07:08 Workshop
07:14 Arcane Vault
07:22 Farm
07:24 Farm
07:25 Farm
07:27 Farm
07:28 Farm
07:29 Farm
07:32 Farm
07:33 Farm
07:35 Farm
07:49 Farm
07:51 Farm
07:53 Farm
07:54 Farm
09:14 Arcane Sanctum
15:02 Scout Tower
15:03 Scout Tower
15:05 Scout Tower
15:06 Scout Tower
15:07 Scout Tower
15:42 Guard Tower
18:07 Guard Tower
» items
storm00 (
red | 18 APM | 160 actions | 08:43)
3 Crypt Lord
1 Impale
1 Spiked Carapace
1 Carrion Beetles
» actions
| Build / train | 28 | |
| Enter build submenu | 9 | |
| Enter hero's abilities submenu | 3 | |
| Remove unit from queue | 1 | |
| Right click | 42 | |
| Select / deselect | 65 | |
| Use ability | 12 | |
160 total
» units
| Acolyte | 2 | |
| Ghoul | 5 | |
| Crypt Fiend | 7 | |
14 total
» upgrades
| Creature Attack | 1 | |
| Web | 1 | |
| Unholy Armor | 0 | |
| Creature Carapace | 1 | |
3 total
» buildings
| Altar of Darkness | 1 | |
| Ziggurat | 4 | |
| Crypt | 1 | |
| Nerubian Tower | 3 | |
| Graveyard | 1 | |
| Halls of the Dead | 1 | |
| Spirit Tower | 1 | |
| Black Citadel | 1 | |
13 total
» build order
00:09 Altar of Darkness
00:14 Ziggurat
00:36 Crypt
01:00 Ziggurat
01:18 Nerubian Tower
01:54 Nerubian Tower
02:27 Graveyard
02:51 Ziggurat
04:08 Halls of the Dead
04:18 Nerubian Tower
04:39 Ziggurat
05:38 Spirit Tower
08:34 Black Citadel
Superion (
teal | 21 APM | 527 actions | 25:20)
6 Death Knight
3 Death Coil
2 Unholy Aura
1 Animate Dead
» actions
| Assign group hotkey | 10 | |
| Build / train | 70 | |
| Enter build submenu | 29 | |
| Enter hero's abilities submenu | 6 | |
| Remove unit from queue | 5 | |
| Right click | 128 | |
| Select / deselect | 189 | |
| Select group hotkey | 55 | |
| Use ability | 35 | |
527 total
» units
| Acolyte | 8 | |
| Ghoul | 11 | |
| Crypt Fiend | 11 | |
| Frost Wyrm | 11 | |
41 total
» upgrades
| Web | 1 | |
| Creature Attack | 2 | |
| Creature Carapace | 1 | |
| Freezing Breath | 1 | |
5 total
» buildings
| Crypt | 1 | |
| Altar of Darkness | 1 | |
| Ziggurat | 11 | |
| Graveyard | 2 | |
| Halls of the Dead | 1 | |
| Spirit Tower | 9 | |
| Black Citadel | 1 | |
| Sacrificial Pit | 1 | |
| Tomb of Relics | 1 | |
| Boneyard | 2 | |
30 total
» build order
00:09 Crypt
00:14 Altar of Darkness
00:18 Ziggurat
01:56 Graveyard
02:12 Graveyard
02:51 Ziggurat
03:01 Ziggurat
03:21 Halls of the Dead
04:19 Spirit Tower
04:21 Spirit Tower
04:22 Spirit Tower
05:16 Ziggurat
05:21 Ziggurat
05:25 Ziggurat
05:43 Black Citadel
05:53 Sacrificial Pit
06:02 Tomb of Relics
09:13 Boneyard
10:00 Boneyard
11:41 Ziggurat
11:46 Ziggurat
11:54 Ziggurat
12:48 Spirit Tower
12:52 Spirit Tower
14:15 Spirit Tower
14:20 Ziggurat
14:56 Spirit Tower
14:59 Spirit Tower
16:17 Ziggurat
20:25 Spirit Tower
Chat log
(00:44 / Allies) 0rcback: give me wood pls
(00:51 / Allies) 0rcback: tower take 1 of them 1st
(01:01 / Allies) Teelo: coming to help then
(01:10 / Allies) 0rcback: ops cannot
(01:13 / Allies) 0rcback: human as well
(03:48 / Allies) Teelo: teal has the worst base design, when we attack, hit him first
(07:51 / Allies) Teelo: lol at purp
(07:57 / Allies) Teelo: blocked him in my expo, he TPs
(08:04 / Allies) Teelo: killed nothing
(08:38 / Allies) Teelo: what units are you getting yellow
(08:43 / Allies) Teelo: ok pure gryphs then
(12:11 / Allies) Teelo: flare, they know we're here
(12:38 / Allies) darmok: lol wow pink
(12:45 / Allies) Teelo: what?
(12:51 / Allies) darmok: didnt see those towers
(13:00 / Allies) Teelo: well if you arent going to tower your expo then i will
(14:25 / Allies) Teelo: lol what a pussy
(14:45 / Allies) darmok: expos first
(16:21 / Allies) Teelo: tping
(20:58 / All) darmok: fuck this game
(21:06 / All) darmok: fuck all my allies fuck all of you
(22:28 / Allies) Teelo: yeah
(22:31 / Allies) Teelo: make knights with yellow
(22:32 / Allies) Teelo: great idea
(22:33 / Allies) Teelo: against frosts
(24:19 / Allies) Teelo: wtf was with that pussy ally
(24:26 / Allies) Teelo: gets attacked by morts and drops?
(24:37 / Allies) Teelo: making a note to backstab him if I ever see him again